| TOP OF THE 1ST |
|
Pittsburgh Pirates batting - Pitching for Chicago White Sox : RHP Ricky Salas
|
|
Pitching: RHP Ricky Salas
|
|
|
Batting: RHB Chiel Palstermans
|
0-0: Ball 1-0: Fly out, F9 (Flyball, 9D, EV 91.9 MPH)
|
|
Batting: RHB David Contreras
|
0-0: Swinging Strike 0-1: Called Strike 0-2: Ball 1-2: Strikes out swinging
|
|
Batting: RHB Jorge Severiano
|
0-0: Ground out 5-3 (Groundball, 56, EV 103.1 MPH)
|
| Top of the 1st over - 0 runs, 0 hits, 0 errors, 0 left on base; Pittsburgh 0 - Chicago 0 |
| BOTTOM OF THE 1ST |
|
Chicago White Sox batting - Pitching for Pittsburgh Pirates : LHP Felix Bernal
|
|
Pitching: LHP Felix Bernal
|
|
|
Batting: RHB Dieter Knoops
|
0-0: Called Strike 0-1: Ball 1-1: Foul Ball, location: 2F 1-2: Foul Ball, location: 2F 1-2: Foul Ball, location: 2F 1-2: Foul Ball, location: 2F 1-2: Fly out, F9 (Flyball, 9LSF, EV 95.6 MPH)
|
|
Batting: SHB Bartholomeu Chambino
|
0-0: Ball 1-0: Ball 2-0: Called Strike 2-1: Ball 3-1: Called Strike 3-2: Fly out, F9 (Flyball, 89S, EV 84.4 MPH)
|
|
Batting: RHB Joseph Disepolo
|
0-0: Swinging Strike 0-1: Foul Ball, location: 2F 0-2: Ball 1-2: Ball 2-2: Ball 3-2: Base on Balls
|
|
Batting: LHB Randy Rosenberry
|
0-0: Ball 1-0: Foul Ball, location: 2F 1-1: Foul Ball, location: 2F 1-2: SINGLE (Groundball, 34D, EV 106.2 MPH) Joseph Disepolo to second Runner from 2nd tries for 3rd, SAFE, throw by RF made at trailing runner, OUT! 9-6
|
| Bottom of the 1st over - 0 runs, 1 hit, 0 errors, 1 left on base; Pittsburgh 0 - Chicago 0 |
| TOP OF THE 2ND |
|
Pittsburgh Pirates batting - Pitching for Chicago White Sox : RHP Ricky Salas
|
|
Batting: SHB Marvin McAleer
|
0-0: Ball 1-0: Ball 2-0: Ball 3-0: Called Strike 3-1: SOLO HOME RUN (Flyball, 8LXD, EV 100.0 MPH), Distance : 409 ft
|
|
Batting: LHB Micah Boshnjaku
|
0-0: Fly out, F7 (Flyball, 78D, EV 82.5 MPH)
|
|
Batting: SHB Jack Andrews
|
0-0: Called Strike 0-1: Ball 1-1: Ball 2-1: Foul Ball, location: 2F 2-2: Ground out U3 (Groundball, 3L, EV 84.4 MPH)
|
|
Batting: LHB Xavier Pittman
|
0-0: Fly out, F8 (Flyball, 8LXD, EV 79.4 MPH)
|
| Top of the 2nd over - 1 run, 1 hit, 0 errors, 0 left on base; Pittsburgh 1 - Chicago 0 |
| BOTTOM OF THE 2ND |
|
Chicago White Sox batting - Pitching for Pittsburgh Pirates : LHP Felix Bernal
|
|
Batting: RHB Dietmar Warmisch
|
0-0: Ball 1-0: Called Strike 1-1: Ball 2-1: Foul Ball, location: 2F 2-2: Ball 3-2: Fly out, F8 (Flyball, 8LXD, EV 96.9 MPH)
|
|
Batting: RHB Chris Cooper
|
0-0: Called Strike 0-1: Ball 1-1: Swinging Strike 1-2: Ball 2-2: Strikes out looking
|
|
Batting: RHB Leo Navarro
|
0-0: SINGLE (Line Drive, 4MD, EV 97.5 MPH)
|
|
Batting: SHB Alfie Bungledorf
|
0-0: Ball 1-0: Foul Ball, location: 2F 1-1: Swinging Strike 1-2: Fly out, F7 (Flyball, 7S, EV 83.8 MPH)
|
| Bottom of the 2nd over - 0 runs, 1 hit, 0 errors, 1 left on base; Pittsburgh 1 - Chicago 0 |
| TOP OF THE 3RD |
|
Pittsburgh Pirates batting - Pitching for Chicago White Sox : RHP Ricky Salas
|
|
Batting: RHB Andrew Robinson
|
0-0: Ground out 5-3 (Groundball, 5L, EV 86.2 MPH)
|
|
Batting: RHB Raul Mendoza
|
0-0: Called Strike 0-1: Swinging Strike 0-2: Strikes out swinging
|
|
Batting: RHB Chiel Palstermans
|
0-0: Ground out 6-3 (Groundball, 6M, EV 86.2 MPH)
|
| Top of the 3rd over - 0 runs, 0 hits, 0 errors, 0 left on base; Pittsburgh 1 - Chicago 0 |
| BOTTOM OF THE 3RD |
|
Chicago White Sox batting - Pitching for Pittsburgh Pirates : LHP Felix Bernal
|
|
Batting: RHB Brad Boals
|
0-0: Ball 1-0: Called Strike 1-1: Ground out 4-3 (Groundball, 34, EV 85.6 MPH)
|
|
Batting: RHB Dieter Knoops
|
0-0: Foul Ball, location: 2F 0-1: Foul Ball, location: 2F 0-2: Ball 1-2: Ball 2-2: Strikes out swinging
|
|
Batting: SHB Bartholomeu Chambino
|
0-0: Called Strike 0-1: Ball 1-1: Ball 2-1: Foul Ball, location: 2F 2-2: Ground out 5-3 (Groundball, 56, EV 96.2 MPH)
|
| Bottom of the 3rd over - 0 runs, 0 hits, 0 errors, 0 left on base; Pittsburgh 1 - Chicago 0 |
| TOP OF THE 4TH |
|
Pittsburgh Pirates batting - Pitching for Chicago White Sox : RHP Ricky Salas
|
|
Batting: RHB David Contreras
|
0-0: Ball 1-0: SINGLE (Groundball, 4MD, EV 102.5 MPH)
|
|
Batting: RHB Jorge Severiano
|
0-0: Called Strike 0-1: Ball 1-1: Ball 2-1: Ball 3-1: Foul Ball, location: 2F 3-2: Foul Ball, location: 2F 3-2: Foul Ball, location: 2F 3-2: Foul Ball, location: 2F 3-2: Foul Ball, location: 2F 3-2: Strikes out swinging David Contreras is caught stealing 2nd base 2-4 Batter strikes out.
|
|
Batting: SHB Marvin McAleer
|
0-0: Ground out 4-3 (Groundball, 4, EV 86.9 MPH)
|
| Top of the 4th over - 0 runs, 1 hit, 0 errors, 0 left on base; Pittsburgh 1 - Chicago 0 |
| BOTTOM OF THE 4TH |
|
Chicago White Sox batting - Pitching for Pittsburgh Pirates : LHP Felix Bernal
|
|
Batting: RHB Joseph Disepolo
|
0-0: Called Strike 0-1: Ball 1-1: Fly out, F4 (Popup, 4D, EV 60.6 MPH)
|
|
Batting: LHB Randy Rosenberry
|
0-0: SOLO HOME RUN (Flyball, 9D, EV 98.8 MPH), Distance : 380 ft
|
|
Batting: RHB Dietmar Warmisch
|
0-0: Foul Ball, location: 2F 0-1: Ball 1-1: Ball 2-1: Swinging Strike 2-2: Foul Ball, location: 2F 2-2: Strikes out looking
|
|
Batting: RHB Chris Cooper
|
0-0: Ball 1-0: Foul Ball, location: 2F 1-1: Swinging Strike 1-2: Strikes out swinging
|
| Bottom of the 4th over - 1 run, 1 hit, 0 errors, 0 left on base; Pittsburgh 1 - Chicago 1 |
| TOP OF THE 5TH |
|
Pittsburgh Pirates batting - Pitching for Chicago White Sox : RHP Ricky Salas
|
|
Batting: LHB Micah Boshnjaku
|
0-0: Fly out, F6 (Flyball, 56D, EV 90.0 MPH)
|
|
Batting: SHB Jack Andrews
|
0-0: SINGLE (Line Drive, 7LS, EV 102.5 MPH)
|
|
Batting: LHB Xavier Pittman
|
0-0: Ball 1-0: Ball 2-0: Foul Ball, location: 2F 2-1: Ball 3-1: Swinging Strike 3-2: Strikes out swinging Jack Andrews steals 2nd base (no throw) Batter strikes out.
|
|
Batting: RHB Andrew Robinson
|
0-0: Foul Ball, location: 2F 0-1: Swinging Strike 0-2: Strikes out swinging
|
| Top of the 5th over - 0 runs, 1 hit, 0 errors, 1 left on base; Pittsburgh 1 - Chicago 1 |
| BOTTOM OF THE 5TH |
|
Chicago White Sox batting - Pitching for Pittsburgh Pirates : LHP Felix Bernal
|
|
Batting: RHB Leo Navarro
|
0-0: Foul Ball, location: 2F 0-1: SOLO HOME RUN (Flyball, 9LD, EV 90.0 MPH), Distance : 346 ft
|
|
Batting: SHB Alfie Bungledorf
|
0-0: Ball 1-0: Ball 2-0: Ball 3-0: Called Strike 3-1: Called Strike 3-2: Foul Ball, location: 2F 3-2: Strikes out looking
|
|
Batting: RHB Brad Boals
|
0-0: Swinging Strike 0-1: Foul Ball, location: 2F 0-2: Strikes out swinging
|
|
Batting: RHB Dieter Knoops
|
0-0: Ball 1-0: TRIPLE (Flyball, 78XD, EV 100.0 MPH)
|
|
Batting: SHB Bartholomeu Chambino
|
0-0: SINGLE (Line Drive, 4D, EV 103.1 MPH) Dieter Knoops scores
|
|
Batting: RHB Joseph Disepolo
|
0-0: Ball 1-0: Called Strike 1-1: Swinging Strike 1-2: Strikes out swinging
|
| Bottom of the 5th over - 2 runs, 3 hits, 0 errors, 1 left on base; Pittsburgh 1 - Chicago 3 |
| TOP OF THE 6TH |
|
Pittsburgh Pirates batting - Pitching for Chicago White Sox : RHP Ricky Salas
|
|
Batting: RHB Raul Mendoza
|
0-0: Called Strike 0-1: Ball 1-1: Ground out 5-3 (Groundball, 56S, EV 71.2 MPH)
|
|
Batting: RHB Chiel Palstermans
|
0-0: Ball 1-0: Ball 2-0: Called Strike 2-1: Ball 3-1: Swinging Strike 3-2: Strikes out swinging
|
|
Batting: RHB David Contreras
|
0-0: Swinging Strike 0-1: Foul Ball, location: 2F 0-2: Ball 1-2: Strikes out swinging
|
| Top of the 6th over - 0 runs, 0 hits, 0 errors, 0 left on base; Pittsburgh 1 - Chicago 3 |
| BOTTOM OF THE 6TH |
|
Chicago White Sox batting - Pitching for Pittsburgh Pirates : LHP Felix Bernal
|
|
Batting: LHB Randy Rosenberry
|
0-0: Foul Ball, location: 2F 0-1: Ground out 6-3 (Groundball, 56D, EV 84.4 MPH)
|
|
Batting: RHB Dietmar Warmisch
|
0-0: Swinging Strike 0-1: Swinging Strike 0-2: Ball 1-2: Ground out 4-3 (Groundball, 4S, EV 83.1 MPH)
|
|
Batting: RHB Chris Cooper
|
0-0: Foul Ball, location: 2F 0-1: Ball 1-1: Ball 2-1: Swinging Strike 2-2: Ball 3-2: SINGLE (Groundball, 4MD, EV 100.6 MPH)
|
|
Batting: RHB Leo Navarro
|
0-0: Ball 1-0: Fly out, F8 (Flyball, 8LD, EV 105.6 MPH)
|
| Bottom of the 6th over - 0 runs, 1 hit, 0 errors, 1 left on base; Pittsburgh 1 - Chicago 3 |
| TOP OF THE 7TH |
|
Pittsburgh Pirates batting - Pitching for Chicago White Sox : RHP Ricky Salas
|
|
Batting: RHB Jorge Severiano
|
0-0: Ball 1-0: Called Strike 1-1: Swinging Strike 1-2: Foul Ball, location: 2F 1-2: Foul Ball, location: 2F 1-2: Foul Ball, location: 2F 1-2: Strikes out swinging
|
|
Batting: SHB Marvin McAleer
|
0-0: Foul Ball, location: 2F 0-1: Ball 1-1: Ball 2-1: Fly out, F9 (Flyball, 9, EV 81.9 MPH)
|
|
Batting: LHB Micah Boshnjaku
|
0-0: Called Strike 0-1: Ball 1-1: Ground out 6-3 (Groundball, 56D, EV 104.4 MPH)
|
| Top of the 7th over - 0 runs, 0 hits, 0 errors, 0 left on base; Pittsburgh 1 - Chicago 3 |
| BOTTOM OF THE 7TH |
|
Chicago White Sox batting - Pitching for Pittsburgh Pirates : LHP Felix Bernal
|
|
Batting: SHB Alfie Bungledorf
|
0-0: SINGLE (Groundball, 6MD, EV 97.5 MPH)
|
|
Batting: RHB Brad Boals
|
0-0: Foul Ball, location: 2F 0-1: Called Strike 0-2: Strikes out swinging
|
|
Batting: RHB Dieter Knoops
|
0-0: Ball 1-0: SINGLE (Groundball, 4D, EV 99.4 MPH) Alfie Bungledorf to second Runner from 2nd tries for 3rd, SAFE, throw by RF made to third
|
|
Pitching: RHP Rogelio Nunez
|
|
|
Batting: SHB Bartholomeu Chambino
|
0-0: Foul Ball, location: 2F 0-1: Called Strike Dieter Knoops steals 2nd base 0-2: Ball 1-2: Foul Ball, location: 2F 1-2: Strikes out swinging
|
|
Batting: RHB Joseph Disepolo
|
0-0: Ball 1-0: Called Strike 1-1: Called Strike 1-2: Strikes out swinging
|
| Bottom of the 7th over - 0 runs, 2 hits, 0 errors, 2 left on base; Pittsburgh 1 - Chicago 3 |
| TOP OF THE 8TH |
|
Pittsburgh Pirates batting - Pitching for Chicago White Sox : RHP Ricky Salas
|
|
Batting: SHB Jack Andrews
|
0-0: Foul Ball, location: 2F 0-1: Swinging Strike 0-2: Fly out, F7 (Line Drive, 7LM, EV 103.8 MPH)
|
|
Batting: LHB Xavier Pittman
|
0-0: Ground out 3-1 (Groundball, 34S, EV 70.6 MPH)
|
|
Batting: RHB Andrew Robinson
|
0-0: Ball 1-0: Ball 2-0: Ball 3-0: Base on Balls
|
|
Batting: RHB Raul Mendoza
|
0-0: Ball 1-0: Fly out, F7 (Flyball, 7S, EV 86.2 MPH)
|
| Top of the 8th over - 0 runs, 0 hits, 0 errors, 1 left on base; Pittsburgh 1 - Chicago 3 |
| BOTTOM OF THE 8TH |
|
Chicago White Sox batting - Pitching for Pittsburgh Pirates : RHP Rogelio Nunez
|
|
Batting: LHB Randy Rosenberry
|
0-0: Foul Ball, location: 2F 0-1: Ball 1-1: Ball 2-1: Ball 3-1: Ground out U3 (Groundball, 3, EV 110.0 MPH)
|
|
Batting: RHB Dietmar Warmisch
|
0-0: Ball 1-0: Fly out, F9 (Flyball, 9LM, EV 81.2 MPH)
|
|
Batting: RHB Chris Cooper
|
0-0: Ball 1-0: Called Strike 1-1: Ball 2-1: Swinging Strike 2-2: Ball 3-2: Strikes out swinging
|
| Bottom of the 8th over - 0 runs, 0 hits, 0 errors, 0 left on base; Pittsburgh 1 - Chicago 3 |
| TOP OF THE 9TH |
|
Pittsburgh Pirates batting - Pitching for Chicago White Sox : RHP Ricky Salas
|
|
Pitching: LHP Rhett Beers
|
|
|
Batting: RHB Chiel Palstermans
|
0-0: Called Strike 0-1: Swinging Strike 0-2: Fly out, F7 (Flyball, 7, EV 95.6 MPH)
|
|
Batting: RHB David Contreras
|
0-0: Foul Ball, location: 2F 0-1: Ball 1-1: Ball 2-1: Fly out, F4 (Popup, 34, EV 65.0 MPH)
|
|
Batting: RHB Jorge Severiano
|
0-0: Hit by Pitch
|
|
Batting: SHB Marvin McAleer
|
0-0: Ball 1-0: Foul Ball, location: 2F 1-1: Ball 2-1: Foul Ball, location: 2F 2-2: Ball 3-2: SINGLE (Line Drive, 89S, EV 95.6 MPH) Jorge Severiano to second Jorge Severiano to third
|
|
Pinch Hitting: RHB Jason Moss
|
0-0: Fielders Choice at 2nd, 5-4 (Groundball, 5L, EV 86.9 MPH)
|
| Top of the 9th over - 0 runs, 1 hit, 0 errors, 2 left on base; Pittsburgh 1 - Chicago 3 |
|